 Dungeon Crawl Stone Soup version 0.20.1-1-g8b1a95d (webtiles) character file.

134 letownia2 the Grave Robber (level 4, 30/36 HPs)
             Began as a Deep Dwarf Necromancer on Nov 20, 2017.
             Quit the game in the Ecumenical Temple.
             The game lasted 00:03:15 (1216 turns).

letownia2 the Grave Robber (Deep Dwarf Necromancer) Turns: 1216, Time: 00:03:16

Health: 30/36      AC:  3    Str: 12    XL:     4   Next: 95%
Magic:  7/7        EV: 12    Int: 16    God:
Gold:   5          SH:  0    Dex: 13    Spells: 3/7 levels left

rFire    . . .     SeeInvis .   a - +0 short sword
rCold    . . .     Gourm    .   (no shield)
rNeg     . . .     Faith    .   f - +0 robe
rPois    .         Spirit   .   e - +1 hat
rElec    .         Reflect  .   (no cloak)
rCorr    .         Harm     .   (no gloves)
MR       .....                  (no boots)
Stlth    ++........             (no amulet)
Regen    0.0/turn               (no ring)
MPRegen  0.1/turn               (no ring)

@: non-regenerating
A: damage resistance, heal wounds, sense surroundings 1, no regeneration
a: Heal Wounds


You were in the Ecumenical Temple.
You were not hungry.

You visited 2 branches of the dungeon, and saw 6 of its levels.

You collected 5 gold pieces.

Inventory:

Hand Weapons
 a - a +0 short sword (weapon)
 k - a +0 hand axe
Missiles
 m - a throwing net (quivered)
Armour
 e - a +1 hat (worn)
 f - a +0 robe (worn)
Wands
 l - a wand of acid (6/15)
Scrolls
 g - 3 scrolls of teleportation {unknown}
 p - a scroll of fog {unknown}
 q - a scroll of blinking {unknown}
 r - a scroll of fear {unknown}
 t - a scroll of magic mapping {unknown}
Potions
 d - a potion of heal wounds {unknown}
 i - a potion of invisibility {unknown}
 j - a potion of flight {unknown}
 n - 2 potions of curing {unknown}
 s - a potion of might {unknown}
Books
 b - a book of Necromancy

   Spells                             Type                      Level
   a - Pain                           Necromancy                   1
   b - Animate Skeleton               Necromancy                   1
   c - Vampiric Draining              Necromancy                   3
   d - Regeneration                   Charms/Necromancy            3
   e - Animate Dead                   Necromancy                   4
   f - Control Undead                 Necromancy                   4
Comestibles
 c - a bread ration
 h - 2 meat rations
 o - a royal jelly
 u - a chunk of flesh


   Skills:
 - Level 2.1 Dodging
 - Level 2.4 Stealth
 - Level 2.1 Spellcasting
 + Level 6.7 Necromancy


You had 3 spell levels left.
You knew the following spells:

 Your Spells              Type           Power        Failure   Level  Hunger
a - Pain                  Necr           ###.         1%          1    #......
v - Vampiric Draining     Necr           ###.......   3%          3    ###....


Dungeon Overview and Level Annotations

Branches:
Dungeon (5/15)             Temple (1/1) D:4

Altars:
Ashenzari
Fedhas
Kikubaaqudgha
Makhleb
Nemelex Xobeh
Qazlal
Ru
Sif Muna
Trog
Yredelemnul
Zin
The Shining One

Annotations:
D:3 Ymberto's ghost, amateur DECj


Innate Abilities, Weirdness & Mutations

You are resistant to damage.
You can heal yourself by infusing magical energy.
You passively map a small area around you.
You do not regenerate.


Message History

Unknown command.
You now have 5 gold pieces.
Found a staircase to the Ecumenical Temple.
There is a staircase to the Ecumenical Temple here.
You climb downwards.
Welcome to the Ecumenical Temple!
There is a staircase back to the Dungeon here.
Found three altars.
Found four altars.
Found three altars.
There is a sparkling altar of Nemelex Xobeh here.
Found a shattered altar of Ashenzari.
There is a glowing golden altar of the Shining One here.
There is a glowing golden altar of the Shining One here.
Found a glowing silver altar of Zin.
There is a deep blue altar of Sif Muna here.
There is a basalt altar of Yredelemnul here.
You aren't carrying any pieces of jewellery.
Wear which item? (? for menu, Esc to quit)
Okay, then.
Are you sure you want to abandon this character and quit the game? (Confirm with "yes".)

≈ ≈ ≈ ≈≈≈≈≈≈≈≈≈≈≈≈≈≈≈ ≈
≈≈≈≈≈≈≈≈≈≈≈≈≈≈≈
≈≈≈≈≈≈...≈≈≈≈≈≈ ≈
≈≈≈≈≈.._..≈≈≈≈≈ *
≈≈≈≈≈≈≈≈≈≈≈≈≈≈.....≈≈≈≈≈
≈≈≈≈≈≈≈≈≈≈≈≈≈≈._._.≈≈≈≈≈
≈≈≈≈≈≈≈≈≈≈≈≈≈≈.....≈≈≈≈≈
≈≈≈≈≈≈≈≈≈≈≈≈≈≈..@..≈≈≈≈≈
≈≈≈≈≈≈≈≈≈≈≈≈≈≈.....≈≈≈≈≈
≈≈
.≈≈≈≈≈≈≈≈≈≈≈≈..._..≈≈≈≈≈
...................≈≈≈≈≈
..............._._.≈≈≈≈≈
≈
...................≈≈≈≈≈
.≈≈≈≈≈≈≈≈≈≈≈≈..._..≈≈≈≈≈
≈
≈≈≈≈≈≈≈≈≈≈≈≈≈≈.....≈≈≈≈≈
≈*
≈≈≈≈≈≈≈≈≈≈≈≈≈≈.._..≈≈≈≈≈


There were no monsters in sight!

Vanquished Creatures
  An iguana (D:4)
  3 worker ants (D:4)
  Terence (D:2)
  An ooze (D:4)
  5 bats (D:2)
  A giant cockroach (D:2)
  A goblin (D:2)
  A frilled lizard (D:2)
  3 kobolds (D:2)
  2 rats
19 creatures vanquished.

Notes
Turn   | Place    | Note
-------+----------+-------------------------------------------
     0 | D:1      | letownia2 the Deep Dwarf Necromancer began the quest for the Orb.
     0 | D:1      | Reached XP level 1. HP: 15/15 MP: 3/3
   245 | D:2      | Reached XP level 2. HP: 22/22 MP: 1/5
   299 | D:2      | Noticed Terence
   379 | D:2      | Killed Terence
   379 | D:2      | Reached skill level 5 in Necromancy
   379 | D:2      | Reached XP level 3. HP: 28/28 MP: 0/6
   384 | D:2      | Learned a level 3 spell: Vampiric Draining
   439 | D:3      | Noticed Ymberto's ghost (amateur DECj)
   639 | D:4      | Reached skill level 6 in Necromancy
   639 | D:4      | Reached XP level 4. HP: 27/36 MP: 1/7
   711 | D:5      | Entered Level 5 of the Dungeon
  1182 | D:4      | Found a staircase to the Ecumenical Temple.
  1187 | Temple   | Entered the Ecumenical Temple
  1216 | Temple   | Quit the game

Skill      XL: |  1  2  3 |
---------------+----------+-----
Spellcasting   | 2 |  2.1
Necromancy     | 5 6 |  6.7
Dodging        | |  2.1
Stealth        | |  2.4

Action                   |  1- 3 |  4- 6 || total
-------------------------+-------+-------++-------
Melee: Short sword       |     7 |       ||     7
 Cast: Pain              |    39 |     7 ||    46
       Vampiric Draining |       |     2 ||     2
 Stab: Sleeping          |     1 |       ||     1
  Eat: Chunk             |       |     2 ||     2
Armor: Robe              |    19 |       ||    19
Dodge: Dodged            |    40 |     2 ||    42
